[Event "Titled Tuesday Blitz November 08 Late 2022"]
[White "Steen, Bobby"]
[Black "Fiol, Fabrice"]
[WhiteFideId "2053870"]
[BlackFideId "611670"]
[WhiteElo "2142"]
[BlackElo "2454"]
[Result "0-1"]
[Round "07"]
[TimeControl "180+1"]
[Date "2022.11.09"]
[WhiteClock "0:00:22"]
[BlackClock "0:00:03"]

1. e4 c5 2. Nf3 e6 3. d4 cxd4 4. Nxd4 a6 5. Nc3 Qc7 6. Bd3 Nf6 7. O-O Bc5 8. Be3 b5 9. a3 Bb7 10. Qd2 Ng4 11. g3 h5 12. b4 Nxe3 13. fxe3 Be7 14. Qf2 Bf6 15. e5 Qxe5 16. Rad1 Nc6 17. Ne4 Nxd4 18. Nxf6+ gxf6 19. exd4 Qd5 20. Qe2 Qh1+ 21. Kf2 Qxh2+ 22. Ke1 Qxg3+ 23. Kd2 Qg5+ 24. Kc3 Rc8+ 25. Kb2 Ke7 26. Rg1 Qd5 27. Rg7 Qc6 28. Qd2 h4 29. Rdg1 h3 30. Qh2 Qc3+ 31. Kb1 Qc7 32. R7g3 Bd5 33. Be2 f5 34. Bd3 Qd6 35. Rf1 Rc3 36. Bxf5 Rhc8 37. Bd3 a5 38. Qxh3 axb4 39. Qh4+ Ke8 40. Rg8+ Qf8 41. Rxf8+ Kxf8 42. Qh8+ Ke7 43. Qf6+ Kd6 44. Qe5+ Kc6 45. axb4 Ra8 46. Bxb5+ Kxb5 47. Qd6 Rac8 48. Qxd7+ R8c6 49. Qb7+ Kc4 50. Qd7 Kxd4 51. Qxc6 Rxc6 52. Rd1+ Kc4 53. b5 Kxb5 54. c3 Kc5 55. Kb2 f5 56. Kc2 Kd6 57. Kd2 Rc4 58. Rc1 Ke5 59. Re1+ Re4 60. Rc1 f4 61. c4 Rxc4 62. Re1+ Re4 63. Rg1 f3 64. Rf1 Re2+ 65. Kd1 Kf4 66. Rh1 e5 67. Rh3 Ke3 68. Rh1 Bb3+ 69. Kc1 f2 70. Rh3+ Kd4 71. Rd3+ Kxd3 72. Kb1 f1=Q# 0-1


[Site "https://www.chess.com"]

[Event "Titled Tuesday Blitz November 08 Late 2022"]
[White "Stoyanov, Tsvetan"]
[Black "Mazurkiewicz, Michal"]
[WhiteFideId "2917173"]
[BlackFideId "1124943"]
[WhiteElo "2349"]
[BlackElo "2063"]
[Result "1-0"]
[Round "07"]
[TimeControl "180+1"]
[Date "2022.11.09"]
[WhiteClock "0:00:06"]
[BlackClock "0:00:02"]

1. e4 d6 2. d4 Nf6 3. Nc3 c6 4. Nf3 Bg4 5. Be2 e6 6. h3 Bh5 7. g4 Bg6 8. e5 Nd5 9. Nxd5 cxd5 10. Bg5 Qb6 11. a4 Nc6 12. O-O Be4 13. a5 Nxa5 14. Nd2 Bg6 15. c4 dxc4 16. Qa4+ Nc6 17. Nxc4 Qxd4 18. Be3 Qe4 19. exd6 Rd8 20. Rfd1 h5 21. Qb5 hxg4 22. d7+ Rxd7 23. Rxd7 Rxh3 24. f3 gxf3 25. Bf1 Qg4+ 26. Kf2 Rh2+ 27. Ke1 Kxd7 28. Qxb7+ Kd8 29. Rd1+ 1-0


[Site "https://www.chess.com"]

[Event "Titled Tuesday Blitz November 08 Late 2022"]
[White "Suarez Uriel, Adrian"]
[Black "Ashiku, Franc"]
[WhiteFideId "22230874"]
[BlackFideId "4700066"]
[WhiteElo "2331"]
[BlackElo "2306"]
[Result "0-1"]
[Round "07"]
[TimeControl "180+1"]
[Date "2022.11.09"]
[WhiteClock "0:01:04"]
[BlackClock "0:00:34"]

1. e4 a6 2. d4 d5 3. exd5 Nf6 4. Nf3 Qxd5 5. c4 Qd6 6. Nc3 g6 7. g3 Bg7 8. Bg2 O-O 9. O-O Nc6 10. d5 Ne5 11. Nxe5 Qxe5 12. Bf4 Qf5 13. Bxc7 Ng4 14. Bf4 Qh5 15. h3 g5 16. hxg4 Bxg4 17. f3 Bd7 18. g4 Qh4 19. Be3 f5 20. Bd4 fxg4 21. Bxg7 g3 22. Re1 Qh2+ 23. Kf1 Bh3 24. Qd2 Rxf3+ 25. Ke2 Rf2+ 26. Kd1 Rxd2+ 27. Kxd2 Kxg7 28. Rxe7+ Kf8 29. Re2 Bxg2 30. Nd1 Re8 31. Ne3 Rxe3 32. Kxe3 g4 33. Rd1 Qh6+ 34. Kd4 Bf3 35. Rf1 Qf6+ 36. Re5 g2 37. Rg1 Qf4+ 38. Kd3 Qxe5 39. Re1 Qxe1 40. d6 g1=Q 41. c5 Bd5 42. c6 Qge3+ 43. Kc2 Q1c1# 0-1


[Site "https://www.chess.com"]

[Event "Titled Tuesday Blitz November 08 Late 2022"]
[White "Svane, Rasmus"]
[Black "Kamsky, Gata"]
[WhiteFideId "4657101"]
[BlackFideId "2000024"]
[WhiteElo "2674"]
[BlackElo "2666"]
[Result "1-0"]
[Round "07"]
[TimeControl "180+1"]
[Date "2022.11.08"]
[WhiteClock "0:01:03"]
[BlackClock "0:00:19"]

1. Nf3 Nf6 2. g3 g6 3. Bg2 Bg7 4. O-O O-O 5. c4 c6 6. b3 d5 7. Bb2 Bg4 8. d3 Bxf3 9. Bxf3 e6 10. Nd2 a5 11. a3 Na6 12. Qc2 Qb6 13. Rab1 Rfd8 14. Rfc1 Ne8 15. Bc3 Bxc3 16. Qxc3 d4 17. Qb2 Nc5 18. Ne4 Nxe4 19. Bxe4 Nf6 20. Bf3 Nd7 21. b4 axb4 22. axb4 Ne5 23. Bg2 Ra4 24. h3 g5 25. Qd2 f6 26. Rf1 Ng6 27. Be4 f5 28. Bg2 h6 29. h4 Rda8 30. hxg5 Ra2 31. Qc1 h5 32. Bf3 h4 33. gxh4 Nxh4 34. Qf4 Nxf3+ 35. exf3 Qd8 36. Rbe1 Kf7 37. Kg2 Qg8 38. Qc7+ Kg6 39. Qe7 Qf7 40. Rxe6+ Kg7 41. Qd6 Re8 42. Qe5+ 1-0


[Site "https://www.chess.com"]

[Event "Titled Tuesday Blitz November 08 Late 2022"]
[White "Swiercz, Dariusz"]
[Black "Preotu, Razvan"]
[WhiteFideId "1126881"]
[BlackFideId "2613280"]
[WhiteElo "2627"]
[BlackElo "2407"]
[Result "1-0"]
[Round "07"]
[TimeControl "180+1"]
[Date "2022.11.08"]
[WhiteClock "0:00:04"]
[BlackClock "0:00:05"]

1. d4 Nf6 2. Bg5 d5 3. e3 c5 4. Bxf6 gxf6 5. dxc5 e6 6. a3 Bxc5 7. Nf3 b6 8. Bb5+ Nd7 9. c4 dxc4 10. Nc3 f5 11. Bxc4 Bb7 12. O-O O-O 13. Qe2 Qf6 14. Ba6 Bxf3 15. Qxf3 Ne5 16. Qe2 Kh8 17. g3 Qh6 18. Kg2 Rg8 19. Bb7 Rab8 20. Bf3 Qf6 21. Rac1 Rbd8 22. Rfd1 Ng6 23. Kg1 Ne5 24. Bg2 Ng4 25. Rxd8 Rxd8 26. b4 Bf8 27. Nb5 a5 28. bxa5 bxa5 29. a4 Bb4 30. Nd4 Ne5 31. h3 Qe7 32. Qb5 Qd6 33. Qb7 Rb8 34. Qa7 Rf8 35. Qb7 Nd3 36. Rc6 Qe5 37. Rc8 Rxc8 38. Qxc8+ Kg7 39. Bf1 Nc5 40. Qe8 Be1 41. Qb5 Ne4 42. Qxe5+ Kg6 43. Kg2 Bxf2 44. Nf3 Bxe3 45. Qb8 Kf6 46. Qh8+ Ke7 47. Bd3 Nd6 48. Qb8 h6 49. Qc7+ 1-0


[Site "https://www.chess.com"]

[Event "Titled Tuesday Blitz November 08 Late 2022"]
[White "Taboas Rodriguez, Daniel"]
[Black "Gareyev, Timur"]
[WhiteFideId "2208466"]
[BlackFideId "14200937"]
[WhiteElo "2329"]
[BlackElo "2552"]
[Result "0-1"]
[Round "07"]
[TimeControl "180+1"]
[Date "2022.11.09"]
[WhiteClock "0:00:03"]
[BlackClock "0:00:04"]

1. d4 f5 2. Bg5 h6 3. Bh4 g5 4. Bg3 Nf6 5. e3 d6 6. h4 g4 7. Ne2 Nh5 8. Nf4 Nxf4 9. Bxf4 Bg7 10. Nc3 Nc6 11. Bc4 Na5 12. Bd3 e5 13. Bg3 O-O 14. dxe5 dxe5 15. Qd2 Be6 16. O-O Nc4 17. Qc1 Nd6 18. Nb5 Nxb5 19. Bxb5 Qf6 20. Re1 c6 21. Bf1 Rae8 22. Qd2 f4 23. Bh2 Kh8 24. Rad1 Bd5 25. exf4 exf4 26. Rxe8 Rxe8 27. Qxf4 Qxb2 28. c4 Rf8 29. Qd2 Qxd2 30. Rxd2 Be6 31. Bg3 h5 32. Rd6 Re8 33. Bd3 Bf8 34. Rd4 Bf7 35. Rd7 Re7 36. Rd8 Re8 37. Rxe8 Bxe8 38. Be5+ Kg8 39. f3 Bc5+ 40. Kh2 gxf3 41. gxf3 Bf2 42. Bg3 Bd4 43. Bb8 a5 44. Kg3 Be3 45. Bf4 Bd4 46. Bg5 Kf7 47. Kf4 Ke6 48. Ke4 Bc3 49. Ke3 Bb4 50. f4 Kd6 51. f5 Bc3 52. Be4 Bf7 53. Bf4+ Kc5 0-1


[Site "https://www.chess.com"]

[Event "Titled Tuesday Blitz November 08 Late 2022"]
[White "Ter-Sahakyan, Samvel"]
[Black "Fernandez De La Vara, Arnaldo"]
[WhiteFideId "13302531"]
[BlackFideId "3518388"]
[WhiteElo "2584"]
[BlackElo "2387"]
[Result "0-1"]
[Round "07"]
[TimeControl "180+1"]
[Date "2022.11.08"]
[WhiteClock "0:00:05"]
[BlackClock "0:00:06"]

1. d4 c5 2. d5 Nf6 3. Nc3 a6 4. e4 d6 5. a4 g6 6. Nf3 Bg4 7. Be2 Bxf3 8. Bxf3 Nbd7 9. O-O Bg7 10. Be2 O-O 11. f4 Ne8 12. Kh1 Nc7 13. Qe1 e6 14. dxe6 Nxe6 15. Nd5 Re8 16. c3 Rb8 17. Qg3 Nf6 18. Nxf6+ Bxf6 19. a5 b5 20. axb6 Rxb6 21. Bc4 Nc7 22. Qf3 Kg7 23. h3 Qd7 24. Be3 Rxb2 25. e5 Bd8 26. Rad1 d5 27. Bxd5 Nxd5 28. Rxd5 Qf5 29. Bxc5 a5 30. Bd4 Kg8 31. e6 Qxe6 32. f5 Qe2 33. fxg6 Qxf3 34. gxh7+ Kxh7 35. gxf3 Bc7 36. Rg5 f6 37. Bxf6 Rg8 38. Rxg8 Kxg8 39. Bd4 Ra2 40. c4 a4 41. Ra1 Rxa1+ 42. Bxa1 a3 43. Kg2 Bf4 44. Kf2 Bc1 45. Ke2 Bb2 46. Kd1 Bxa1 47. Kc2 Bd4 48. Kb3 Bc5 49. f4 Kf7 50. h4 Kg6 51. Ka2 Kh5 52. f5 Kxh4 53. Kb3 Kg5 0-1


[Site "https://www.chess.com"]

[Event "Titled Tuesday Blitz November 08 Late 2022"]
[White "Therrien, Alex L"]
[Black "Joubert, Dantelle"]
[WhiteFideId "412856"]
[BlackFideId "14310813"]
[WhiteElo "2214"]
[BlackElo "1507"]
[Result "1-0"]
[Round "07"]
[TimeControl "180+1"]
[Date "2022.11.09"]
[WhiteClock "0:00:02"]
[BlackClock "0:00:06"]

1. d4 d5 2. c4 c6 3. Nf3 Nf6 4. e3 e6 5. Nbd2 Nbd7 6. Bd3 dxc4 7. Nxc4 Be7 8. O-O O-O 9. b3 b6 10. Bb2 Bb7 11. Qe2 c5 12. Rfd1 cxd4 13. Bxd4 Qc7 14. Rac1 Rac8 15. Bb2 Qb8 16. Nfe5 Nxe5 17. Bxe5 Qa8 18. f3 Rfd8 19. Bd4 Bd5 20. Ne5 Rxc1 21. Rxc1 Nd7 22. Qc2 h6 23. Nc6 Bxc6 24. Qxc6 Qxc6 25. Rxc6 Nc5 26. Be2 Rd7 27. b4 Nb7 28. Bb5 f6 29. Rc8+ Rd8 30. Rc7 Nd6 31. Ba4 Kf7 32. Rxa7 Nf5 33. Bxb6 Rd2 34. Bc5 Kf8 35. Bb3 Bxc5 36. bxc5 Nh4 37. Kf1 Rxg2 38. c6 Rxh2 39. c7 Rh1+ 40. Ke2 Rc1 41. Bxe6 Ke7 42. c8=Q+ 1-0


[Site "https://www.chess.com"]

[Event "Titled Tuesday Blitz November 08 Late 2022"]
[White "Thiel, Thomas"]
[Black "Ibadov, Dashgyn"]
[WhiteFideId "4615964"]
[BlackFideId "24107514"]
[WhiteElo "2221"]
[BlackElo "2208"]
[Result "0-1"]
[Round "07"]
[TimeControl "180+1"]
[Date "2022.11.09"]
[WhiteClock "0:00:47"]
[BlackClock "0:00:38"]

1. e4 e6 2. d4 d5 3. Nc3 Nf6 4. Bg5 Be7 5. e5 Nfd7 6. h4 h6 7. Bxe7 Qxe7 8. f4 a6 9. Nf3 c5 10. Ne2 Nc6 11. c3 b5 12. dxc5 Nxc5 13. Ned4 Nxd4 14. Nxd4 O-O 15. Qg4 f6 16. Qg3 fxe5 17. fxe5 Ne4 18. Qe3 Qc7 19. Nf3 b4 20. cxb4 Qc2 21. Be2 Qxb2 22. O-O Qxb4 23. Bd3 Qc5 24. Nd4 Bb7 25. Bxe4 dxe4 26. Rxf8+ Rxf8 27. Rf1 Rxf1+ 28. Kxf1 Qxe5 29. Ke2 Bd5 30. a3 Kh7 31. g3 Qb8 32. Qc3 Qb1 33. Ke3 Qg1+ 34. Kf4 Qf2+ 35. Ke5 Qf6+ 36. Kd6 Qd8+ 37. Ke5 Qb8+ 0-1


[Site "https://www.chess.com"]

[Event "Titled Tuesday Blitz November 08 Late 2022"]
[White "Thomas, Anysia"]
[Black "Desideri, Ricardo Maruchi"]
[WhiteFideId "670472"]
[BlackFideId "2110440"]
[WhiteElo "2069"]
[BlackElo "1945"]
[Result "1-0"]
[Round "07"]
[TimeControl "180+1"]
[Date "2022.11.09"]
[WhiteClock "0:02:38"]
[BlackClock "0:02:05"]

1. d4 Nf6 2. c4 c5 3. d5 e6 4. Nc3 exd5 5. cxd5 d6 6. g3 a6 7. a4 g6 8. Bg2 Bg7 9. Nf3 O-O 10. O-O Nbd7 11. Bf4 Re8 12. Bxd6 Qb6 13. Bf4 Qxb2 14. Bd2 b5 15. Rb1 Qa3 16. Rb3 1-0


[Site "https://www.chess.com"]

[Event "Titled Tuesday Blitz November 08 Late 2022"]
[White "Thomforde-Toates, Noah"]
[Black "Rangel, Daniel"]
[WhiteFideId "30951992"]
[BlackFideId "2124475"]
[WhiteElo "2612"]
[BlackElo "2225"]
[Result "1-0"]
[Round "07"]
[TimeControl "180+1"]
[Date "2022.11.09"]
[WhiteClock "0:01:30"]
[BlackClock "0:00:17"]

1. d4 Nf6 2. Nc3 c5 3. d5 d6 4. e4 g6 5. Nf3 Bg7 6. Nd2 O-O 7. Be2 e6 8. O-O exd5 9. exd5 b6 10. a4 Nbd7 11. Nc4 Qe7 12. Bf4 Ne5 13. Re1 Ne8 14. Bf1 Bf5 15. Nb5 Rd8 16. Nbxd6 Nxd6 17. Nxe5 Bxe5 18. Bxe5 f6 19. Bc3 Qd7 20. Qf3 Bxc2 21. Re6 Ne4 22. Rxe4 Bxe4 23. Qxe4 Kg7 24. Qf3 Qxd5 25. Qxd5 Rxd5 26. Re1 Rd7 27. Bb5 Rc7 28. Re6 Rff7 29. g3 g5 30. Kg2 Kg6 31. Bd3+ Kg7 32. Bf5 a6 33. Rxb6 Ra7 34. a5 c4 35. Be6 Rfb7 36. Bxc4 Rxb6 37. axb6 Rb7 38. Bd4 a5 39. Ba6 Rb8 40. b7 Kh6 41. Ba7 1-0


[Site "https://www.chess.com"]

[Event "Titled Tuesday Blitz November 08 Late 2022"]
[White "Viana Da Costa, Fernando"]
[Black "Ambartsumova, Karina"]
[WhiteFideId "2111900"]
[BlackFideId "4166299"]
[WhiteElo "2259"]
[BlackElo "2319"]
[Result "1/2-1/2"]
[Round "07"]
[TimeControl "180+1"]
[Date "2022.11.09"]
[WhiteClock "0:00:05"]
[BlackClock "0:00:04"]

1. e4 e5 2. Nf3 Nc6 3. Bb5 Nf6 4. d3 d6 5. h3 Bd7 6. c3 g6 7. O-O Bg7 8. Re1 O-O 9. Nbd2 Qe8 10. Nf1 Nh5 11. a4 Kh8 12. d4 a6 13. Bc4 f5 14. dxe5 dxe5 15. a5 Rd8 16. Qc2 Be6 17. Qb3 Bxc4 18. Qxc4 Qf7 19. Qxf7 Rxf7 20. Be3 Rfd7 21. Bg5 Re8 22. b4 f4 23. g4 fxg3 24. fxg3 h6 25. Be3 Rd3 26. Rac1 Rf8 27. Kg2 Rfd8 28. Kf2 Nf6 29. N1d2 Kh7 30. Ke2 R3d7 31. g4 Ne8 32. Nc4 Nd6 33. Nxd6 Rxd6 34. Nd2 Kg8 35. Nc4 R6d7 36. Rcd1 Rxd1 37. Rxd1 Rxd1 38. Kxd1 Kf7 39. Ke2 h5 40. Kf3 Bf6 41. Bf2 Bg5 42. Bg3 Ke6 43. Ke2 Be7 44. Ne3 Bg5 45. Nd5 Bd8 46. Kd3 hxg4 47. hxg4 Nb8 48. Bf2 Nd7 49. Ne3 Bg5 50. Nc4 Bf4 51. Bh4 g5 52. Bf2 Nf6 53. Ne3 c6 54. Bg1 Kf7 55. Nf5 Ke6 56. Ne3 Bxe3 57. Bxe3 Nxg4 58. Bxg5 Nf2+ 59. Ke3 Nd1+ 60. Kd2 Nf2 61. Ke3 Ng4+ 62. Kd3 Nf2+ 63. Ke3 1/2-1/2


[Site "https://www.chess.com"]

[Event "Titled Tuesday Blitz November 08 Late 2022"]
[White "Wan, Joseph"]
[Black "Vlassov, Nikolai"]
[WhiteFideId "2069890"]
[BlackFideId "4103360"]
[WhiteElo "2200"]
[BlackElo "2324"]
[Result "1-0"]
[Round "07"]
[TimeControl "180+1"]
[Date "2022.11.09"]
[WhiteClock "0:00:51"]
[BlackClock "0:00:05"]

1. d4 Nf6 2. Bf4 g6 3. e3 Bg7 4. Nf3 O-O 5. Be2 d6 6. h3 Qe8 7. O-O Nbd7 8. c4 e5 9. Bh2 b6 10. Nc3 Bb7 11. Nb5 e4 12. Nxc7 Qc8 13. Nxa8 exf3 14. Bxf3 Qxa8 15. Bxd6 Rc8 16. Bxb7 Qxb7 17. Rc1 Ne4 18. Bh2 Qa6 19. Qc2 f5 20. b3 b5 21. c5 Ndf6 22. f3 Ng5 23. Rfe1 Nd5 24. Qd2 Ne6 25. b4 Qa3 26. Rb1 Qc3 27. Qe2 Bh6 28. f4 a6 29. Rb3 Qc4 30. Qd2 1-0


[Site "https://www.chess.com"]

[Event "Titled Tuesday Blitz November 08 Late 2022"]
[White "Wieczorek, Oskar"]
[Black "Terry, Renato"]
[WhiteFideId "1133950"]
[BlackFideId "3803457"]
[WhiteElo "2404"]
[BlackElo "2577"]
[Result "0-1"]
[Round "07"]
[TimeControl "180+1"]
[Date "2022.11.08"]
[WhiteClock "0:01:51"]
[BlackClock "0:02:23"]

1. e4 e6 2. d4 d5 3. Nd2 Be7 4. Bd3 c5 5. dxc5 Nf6 6. Qe2 O-O 7. Ngf3 a5 8. O-O Na6 9. e5 Nd7 10. c4 Ndxc5 11. Bb1 Nb4 12. Rd1 Qb6 13. a3 Nc6 14. cxd5 exd5 15. Bc2 Bg4 16. h3 Nd4 17. Nxd4 Bxe2 18. Nxe2 Ne6 19. Nf3 Bc5 0-1


[Site "https://www.chess.com"]

[Event "Titled Tuesday Blitz November 08 Late 2022"]
[White "Winterberg, Lukas"]
[Black "Harvey, Marcus R"]
[WhiteFideId "24622702"]
[BlackFideId "400092"]
[WhiteElo "2349"]
[BlackElo "2457"]
[Result "1/2-1/2"]
[Round "07"]
[TimeControl "180+1"]
[Date "2022.11.09"]
[WhiteClock "0:00:06"]
[BlackClock "0:00:09"]

1. d4 Nf6 2. Nf3 e6 3. c4 b6 4. g3 Bb7 5. Bg2 c5 6. d5 exd5 7. cxd5 Bxd5 8. Nc3 Bc6 9. e4 Be7 10. e5 Ne4 11. Nxe4 Bxe4 12. Qa4 Bf5 13. Nh4 Bxh4 14. Bxa8 Be7 15. Bg2 O-O 16. O-O Qc7 17. Qf4 Be6 18. Bd2 Nc6 19. Bc3 b5 20. a3 a5 21. Rfe1 b4 22. axb4 axb4 23. Bd2 Nd4 24. Rac1 Nb3 25. Rcd1 c4 26. Be4 Rc8 27. Bc2 Nxd2 28. Qxd2 c3 29. bxc3 b3 30. Bb1 Qxc3 31. Qf4 b2 32. Qe4 g6 33. h4 Bb4 34. Re3 Qc1 35. Qf3 Bd2 36. Rd3 Qxd1+ 37. Qxd1 Rc1 38. Rxd2 Bf5 39. Bxf5 gxf5 40. Rxb2 Rxd1+ 41. Kg2 Rd5 42. f4 f6 43. exf6 Kf7 44. Rb6 h5 45. Kf3 d6 46. Rb8 Kxf6 47. Rh8 Kg6 48. Rd8 Rd3+ 49. Kg2 d5 50. Rg8+ Kf6 51. Rg5 d4 52. Rxh5 Re3 53. Rh8 Ke7 54. Ra8 d3 55. Ra1 Kd6 56. Kf2 Re2+ 57. Kf3 Kd5 58. Ra8 Kd4 59. Rd8+ Kc3 60. g4 fxg4+ 61. Kxg4 d2 62. h5 Rg2+ 63. Kf5 Rg3 64. Rxd2 Kxd2 65. h6 Ke3 66. h7 Rh3 67. Kg6 Kxf4 68. Kg7 Kg5 69. h8=Q Rxh8 70. Kxh8 1/2-1/2


[Site "https://www.chess.com"]

[Event "Titled Tuesday Blitz November 08 Late 2022"]
[White "Wirig, Anthony"]
[Black "Deac, Bogdan-Daniel"]
[WhiteFideId "615013"]
[BlackFideId "1226380"]
[WhiteElo "2487"]
[BlackElo "2648"]
[Result "0-1"]
[Round "07"]
[TimeControl "180+1"]
[Date "2022.11.08"]
[WhiteClock "0:00:25"]
[BlackClock "0:00:07"]

1. e4 c6 2. Nc3 d5 3. Nf3 Bg4 4. h3 Bxf3 5. Qxf3 e6 6. Be2 Bc5 7. O-O Nd7 8. Qg3 Bd4 9. d3 Ne7 10. Be3 Bxe3 11. Qxe3 Qb6 12. Qc1 O-O 13. Rb1 f5 14. exd5 exd5 15. Qf4 Ng6 16. Qd6 Rad8 17. Bh5 Rf6 18. Qh2 Nge5 19. Rfe1 f4 20. Bg4 Nxg4 21. hxg4 Rdf8 22. g5 Rf5 23. Re7 Ne5 24. Re1 Ng6 25. Re8 Qxb2 26. Qh3 Qxc3 27. Qxf5 Qxe1+ 28. Rxe1 Rxf5 29. Re8+ Rf8 30. Re1 Kf7 31. Rb1 b6 32. Kf1 Re8 33. a4 Re5 34. a5 b5 35. a6 Rxg5 36. Rb4 Re5 37. c4 dxc4 38. dxc4 Re4 39. Rb2 Rxc4 40. Rd2 Ke7 41. Re2+ Kd7 42. Rd2+ Kc7 43. Re2 Kb6 44. Re8 Kxa6 45. Rg8 b4 46. Rxg7 b3 47. Ke2 b2 48. Kd3 Rc1 0-1


[Site "https://www.chess.com"]

[Event "Titled Tuesday Blitz November 08 Late 2022"]
[White "Xiong, Jeffery"]
[Black "Urazayev, Arystanbek"]
[WhiteFideId "2047640"]
[BlackFideId "13709810"]
[WhiteElo "2725"]
[BlackElo "2441"]
[Result "1-0"]
[Round "07"]
[TimeControl "180+1"]
[Date "2022.11.08"]
[WhiteClock "0:00:05"]
[BlackClock "0:00:01"]

1. e4 c5 2. Nf3 e6 3. c3 d5 4. e5 Nc6 5. d4 Bd7 6. Be2 Nge7 7. Na3 cxd4 8. cxd4 Nf5 9. Nc2 Be7 10. O-O O-O 11. Kh1 Rc8 12. Bd3 Qb6 13. g4 Nh6 14. Rg1 Nb4 15. Nxb4 Bxb4 16. a3 Be7 17. Bxh6 gxh6 18. Qd2 Kg7 19. Rg3 Qd8 20. g5 h5 21. Rh3 Rh8 22. Rxh5 Qb6 23. Rg1 Bb5 24. Bb1 Qa6 25. Nh4 Be2 26. Rh6 Qc4 27. Qf4 Bd3 28. g6 hxg6 29. Nxg6 Rxh6 30. Bxd3 Qxd3 31. Nxe7+ Kf8 32. Nxc8 Rg6 33. Nd6 Rxg1+ 34. Kxg1 f5 35. Qh6+ 1-0


[Site "https://www.chess.com"]

[Event "Titled Tuesday Blitz November 08 Late 2022"]
[White "Yanayt, Eugene"]
[Black "Diaz Rosas, Julio Cesar"]
[WhiteFideId "2020165"]
[BlackFideId "5105099"]
[WhiteElo "2046"]
[BlackElo "2246"]
[Result "0-1"]
[Round "07"]
[TimeControl "180+1"]
[Date "2022.11.09"]
[WhiteClock "0:01:00"]
[BlackClock "0:01:43"]

1. d4 d5 2. c4 e6 3. Nf3 Nf6 4. g3 Be7 5. Bg2 O-O 6. O-O dxc4 7. Na3 c5 8. Nxc4 Nc6 9. dxc5 Bxc5 10. Bd2 Qe7 11. Rc1 Rd8 12. Qc2 h6 13. a3 Nd4 14. Nxd4 Bxd4 15. Bb4 Bc5 16. Bc3 Nd5 17. Be1 Bd7 18. b4 Bd4 19. e3 Bf6 20. Qb3 Rac8 21. Bd2 b5 22. Na5 Nb6 23. e4 Bd4 24. Be3 e5 25. Bxd4 exd4 26. Nb7 Be6 0-1


[Site "https://www.chess.com"]

[Event "Titled Tuesday Blitz November 08 Late 2022"]
[White "Yang, Kevin"]
[Black "Mikhailov, Viacheslav"]
[WhiteFideId "30908485"]
[BlackFideId "4187369"]
[WhiteElo "2055"]
[BlackElo "2381"]
[Result "1/2-1/2"]
[Round "07"]
[TimeControl "180+1"]
[Date "2022.11.09"]
[WhiteClock "0:00:08"]
[BlackClock "0:00:04"]

1. d4 c5 2. d5 e5 3. c4 d6 4. Nc3 Be7 5. g3 a6 6. Bg2 Bg5 7. e3 Ne7 8. f4 exf4 9. exf4 Bh6 10. Nf3 O-O 11. O-O Nd7 12. g4 g6 13. f5 Bg7 14. Ng5 Nf6 15. fxg6 hxg6 16. h3 b5 17. Nce4 Nxe4 18. Nxe4 f5 19. gxf5 Nxf5 20. Bg5 Bd4+ 21. Kh2 Qe8 22. Qd2 Bd7 23. Rae1 Be5+ 24. Bf4 Bxf4+ 25. Qxf4 Qe7 26. Nxc5 Qg7 27. Nxd7 Qxd7 28. Re6 Qg7 29. Qg5 Kh7 30. Be4 Qh6 31. Qxh6+ Nxh6 32. Rxf8 Rxf8 33. Rxg6 Nf7 34. Rxd6+ Kg7 35. Rd7 Kf6 36. cxb5 axb5 37. Rb7 Nd6 38. Rb6 Ke5 39. Bg2 Rf2 40. b3 Rxa2 41. Kg3 Rb2 42. Rb8 Rxb3+ 43. Kg4 Rb4+ 44. Kg5 Rb2 45. Bf3 Rb3 46. Bg4 Kxd5 47. h4 Ne4+ 48. Kg6 Rg3 49. Kf5 Nd6+ 50. Kf4 Rg1 51. h5 Rf1+ 52. Kg5 Nf7+ 53. Kh4 Ne5 54. Bh3 Rf4+ 55. Kg3 Rf3+ 56. Kg2 Rf6 57. Rd8+ Ke4 58. Kg3 Rf7 59. Kh4 Rg7 60. Re8 Kf4 61. Rf8+ Ke3 62. h6 Rg6 63. Kh5 Rg3 64. Bf5 Kf4 65. h7 Rg1 66. Kh6 Rh1+ 67. Kg7 Rg1+ 68. Kf6 Rh1 69. h8=Q Rxh8 70. Rxh8 Nc4 71. Rh4+ Ke3 72. Ke6 Kd2 73. Kd5 Kc3 74. Kc5 Ne3 75. Rh3 Kd2 76. Be4 b4 77. Kxb4 Nd1 78. Kc5 Nf2 79. Rh2 Ke3 80. Bd5 Nd3+ 81. Kd6 Kf4 82. Rd2 Ke3 83. Ra2 Nf4 84. Ra3+ Kd2 85. Ke5 Ne2 86. Ke4 Nc3+ 87. Kd4 Nb5+ 88. Kc5 Nxa3 1/2-1/2


[Site "https://www.chess.com"]

[Event "Titled Tuesday Blitz November 08 Late 2022"]
[White "Young, Ryan"]
[Black "Melikhov, Evgeny V."]
[WhiteFideId "2049945"]
[BlackFideId "4122046"]
[WhiteElo "2282"]
[BlackElo "2169"]
[Result "1/2-1/2"]
[Round "07"]
[TimeControl "180+1"]
[Date "2022.11.09"]
[WhiteClock "0:00:11"]
[BlackClock "0:00:05"]

1. e4 c5 2. c3 d5 3. exd5 Qxd5 4. Nf3 Nf6 5. d4 Bg4 6. Qa4+ Nc6 7. Ne5 cxd4 8. cxd4 Qa5+ 9. Qxa5 Nxa5 10. Bd2 Nc6 11. Nxc6 bxc6 12. Nc3 e6 13. Rc1 Bd6 14. Na4 Kd7 15. Nc5+ Bxc5 16. Rxc5 Ne4 17. Ra5 Nxd2 18. Kxd2 Rhb8 19. b3 Bf5 20. Be2 Be4 21. f3 Bd5 22. Rc1 Rb4 23. Rac5 Rxd4+ 24. Ke3 Rb4 25. Bd3 f5 26. g3 a5 27. R1c3 a4 28. Bc2 axb3 29. Bxb3 Ra7 30. Bxd5 cxd5 31. Kd3 g5 32. Rc8 g4 33. f4 Rbb7 34. Rh8 Kd6 35. Rcc8 Ra3+ 36. Kc2 Rxa2+ 37. Kc3 Ra3+ 38. Kc2 Rc7+ 39. Rxc7 Kxc7 40. Rxh7+ Kd6 41. Rh8 Ra2+ 42. Kd3 Ra3+ 43. Kd4 Ra4+ 44. Kd3 Rb4 45. Rh7 Ra4 46. Rh8 Kc5 47. Rc8+ Kd6 48. Rd8+ Ke7 49. Rh8 Kd7 50. Rh7+ Kd6 51. Rh8 1/2-1/2


[Site "https://www.chess.com"]

[Event "Titled Tuesday Blitz November 08 Late 2022"]
[White "Yuan, Qingyu"]
[Black "Pinheiro, Iung Alicio de O."]
[WhiteFideId "8609772"]
[BlackFideId "2104350"]
[WhiteElo "2359"]
[BlackElo "2283"]
[Result "0-1"]
[Round "07"]
[TimeControl "180+1"]
[Date "2022.11.09"]
[WhiteClock "0:00:06"]
[BlackClock "0:00:05"]

1. e4 c5 2. Nf3 Nc6 3. Bc4 e6 4. O-O a6 5. d4 b5 6. d5 bxc4 7. dxc6 d6 8. Na3 Ne7 9. Nxc4 Nxc6 10. Bg5 Qc7 11. c3 h6 12. Bh4 a5 13. Re1 Ba6 14. Ne3 Be7 15. Bxe7 Nxe7 16. Qa4+ Nc6 17. Nd5 Qb7 18. Nf4 O-O 19. Qc2 Rfb8 20. Rab1 a4 21. Red1 Qc7 22. Rd2 Bc4 23. b3 axb3 24. axb3 Ba6 25. Nh5 Rb6 26. Qd1 Ne7 27. h4 Rab8 28. b4 cxb4 29. cxb4 Bb7 30. Rd4 Ng6 31. Rc1 Qe7 32. g3 Ba8 33. Qd2 d5 34. e5 Nf8 35. Rb1 Ng6 36. Qc3 Bc6 37. Qe1 Bb5 38. Nh2 Rc6 39. Ng4 Rc4 40. Qe3 Rbc8 41. Rbd1 Rxd4 42. Rxd4 Rc1+ 43. Kg2 Rc4 44. Nxg7 Rxd4 45. Qxh6 Rxg4 46. Nh5 f5 47. exf6 Qh7 48. f7+ Qxf7 49. f3 Rxb4 50. Qg5 Rb2+ 51. Kh3 Qf5+ 52. Qxf5 exf5 53. Nf6+ Kf7 54. Nxd5 Bf1# 0-1


[Site "https://www.chess.com"]

[Event "Titled Tuesday Blitz November 08 Late 2022"]
[White "chess50years"]
[Black "Myers, Dominique"]
[BlackFideId "2041715"]
[WhiteElo "2132"]
[BlackElo "1986"]
[Result "0-1"]
[Round "07"]
[TimeControl "180+1"]
[Date "2022.11.09"]
[WhiteClock "0:00:16"]
[BlackClock "0:00:57"]

1. d4 Nf6 2. c4 e6 3. Nc3 Bb4 4. Bg5 h6 5. Bxf6 Qxf6 6. e3 O-O 7. Qc2 b6 8. Nf3 Bb7 9. Be2 d6 10. a3 Bxc3+ 11. Qxc3 Qg6 12. O-O f5 13. Ne1 Nd7 14. Bf3 Be4 15. Bxe4 fxe4 16. f3 Nf6 17. Qc2 Rae8 18. fxe4 Nxe4 19. Nf3 Rf6 20. Rae1 Ref8 21. Nd2 Rxf1+ 22. Rxf1 Rxf1+ 23. Nxf1 Qf5 24. Qe2 g5 25. Qf3 Kf7 26. h3 a5 27. b3 c5 28. Qxf5+ exf5 29. g3 Ke6 30. Kg2 h5 31. Kf3 g4+ 32. hxg4 hxg4+ 33. Ke2 d5 34. Kd3 Kd6 35. Ke2 a4 36. bxa4 dxc4 37. Kd1 Kd5 38. dxc5 Kxc5 39. Kc2 Kc6 40. Kd1 Kb7 41. Ke2 Ka6 42. Nd2 Nxg3+ 43. Kd1 c3 44. Nc4 Ne4 45. Kc2 g3 46. Ne5 g2 47. Nf3 Ka5 48. Kd3 Kxa4 49. Kc2 Kxa3 0-1


[Site "https://www.chess.com"]